 Dungeon Crawl Stone Soup version 0.30-a0-777-ga9a30cbeda (webtiles) character file.

Game seed: 3224271877107988527

510 Smoke131 the Chucker (level 7, -1/67 HPs)
             Began as an Ogre Gladiator on Feb 14, 2023.
             Slain by Crazy Yiuf
             ... wielding a +3 quarterstaff of chaos
              (17 damage)
             ... on level 3 of the Dungeon.
             The game lasted 00:09:18 (3442 turns).

Smoke131 the Chucker (Ogre Gladiator)               Turns: 3442, Time: 00:09:18

Health: -1/67      AC:  7    Str: 19    XL:     7   Next: 19%
Magic:  7/7        EV: 15    Int:  9    God:
Gold:   186        SH:  0    Dex: 12    Spells: 6/6 levels left

rFire   . . .      SeeInvis .    a - +0 war axe (vamp)
rCold   . . .      Faith    .    (no shield)
rNeg    . . .      Spirit   .    b - +0 robe
rPois   .          Reflect  .    c - +0 hat
rElec   .          Harm     .    (no cloak)
rCorr   .          Rampage  .    (gloves unavailable)
Will    .....                    (boots unavailable)
Stlth   +                        (no amulet)
HPRegen 0.31/turn                o - +4 ring of protection
MPRegen 0.10/turn                (no ring)

@: agile
A: large, unfitting armour, tough skin 1
a: no special abilities


You were on level 3 of the Dungeon.
You visited 1 branch of the dungeon, and saw 3 of its levels.

You collected 186 gold pieces.

Inventory:

Hand Weapons
 a - a +0 vampiric war axe (weapon)
Missiles
 d - 3 throwing nets
 e - a large rock
 f - 8 poisoned darts (quivered)
 g - 34 stones
Armour
 b - a +0 robe (worn)
 c - a +0 hat (worn)
Jewellery
 o - a +4 ring of protection (left hand)
Scrolls
 h - a scroll of amnesia
 k - a scroll of brand weapon
 n - 2 scrolls of teleportation {unknown}
 p - a scroll of noise {unknown}
 q - a scroll of identify {unknown}
Potions
 i - 3 potions of curing
 j - a potion of invisibility {unknown}
 l - a potion of might {unknown}
 m - a potion of cancellation {unknown}
 r - a potion of lignification {unknown}
 s - a potion of attraction {unknown}


   Skills:
 - Level 3.0 Fighting
 - Level 3.1(3.5) Axes
 - Level 2.2(3.0) Maces & Flails
 + Level 6.8 Throwing
 - Level 3.0 Dodging


You had 6 spell levels left.
You didn't know any spells.
Your spell library was empty.

Dungeon Overview and Level Annotations

Branches:
Dungeon (3/15)

Altars:
Gozag
Xom

Annotations:
D:3 Crazy Yiuf


Innate Abilities, Weirdness & Mutations

You are too large for most types of armour.
You have tough skin. (AC +1)


Message History

Things that are here:
a +0 dagger; a +0 club
Items here: ))) [[.
The orc shouts!
You barely miss the orc. The orc hits you but does no damage.
You barely miss the orc. The orc hits you with a +0 short sword.
You slash the orc!
You feel better.
You kill the orc!
You see here a +0 short sword.
Crazy Yiuf shouts!
Crazy Yiuf cries, "Proton!"
You open the door.
Crazy Yiuf says, "Liver cower arga!"
You hit Crazy Yiuf.
Crazy Yiuf is moderately wounded.
Crazy Yiuf hits you with a +3 quarterstaff of chaos.
Crazy Yiuf burns you.
You closely miss Crazy Yiuf.
Crazy Yiuf is moderately wounded.
Crazy Yiuf hits you with a +3 quarterstaff of chaos.
You are electrocuted!
You hit Crazy Yiuf.
You feel better.
Crazy Yiuf is moderately wounded.
Crazy Yiuf barely misses you.
Crazy Yiuf hits you with a +3 quarterstaff of chaos.
Crazy Yiuf freezes you.
You closely miss Crazy Yiuf.
Crazy Yiuf is moderately wounded.
Crazy Yiuf hits you with a +3 quarterstaff of chaos.
You feel agile all of a sudden.
You completely miss Crazy Yiuf.
Crazy Yiuf is moderately wounded.
Crazy Yiuf hits you with a +3 quarterstaff of chaos!
Crazy Yiuf burns you.
You closely miss Crazy Yiuf.
Crazy Yiuf is moderately wounded.
Crazy Yiuf hits you with a +3 quarterstaff of chaos!
* * * LOW HITPOINT WARNING * * *
You are electrocuted!
You die...

#......#
#....#####.##.......
#......# #....#
..###...... #......#
#....# #..####...#.
#.>....# #...##
#........<..
######## ##.##
#..####..... #.##
#..... ##.# #.....
#.## #..... ##@#
#..... #g# #.....
... #..... #...#
###### #..)# #####


You could see Crazy Yiuf.

Vanquished Creatures
  Grinder (D:3)
  2 orc priests (D:3)
  5 orc wizards
  Robin (D:3)
  3 adders (D:2)
  A dart slug (D:1)
  5 orcs
  5 endoplasms
  A giant cockroach (D:2)
  14 goblins
  11 hobgoblins
  4 jackals (D:1)
  3 kobolds
  6 quokkas
  3 ball pythons (D:1)
  4 bats
  7 rats
76 creatures vanquished.

Vanquished Creatures (others)
  6 plants (D:2)
  12 withered plants (D:2)
18 creatures vanquished.

Grand Total: 94 creatures vanquished

Notes
Turn   | Place    | Note
-------+----------+-------------------------------------------
     0 | D:1      | Smoke131 the Ogre Gladiator began the quest for the Orb.
     0 | D:1      | Reached XP level 1. HP: 22/22 MP: 1/1
    88 | D:1      | Reached XP level 2. HP: 24/31 MP: 2/2
   642 | D:1      | Reached XP level 3. HP: 37/37 MP: 3/3
   729 | D:1      | Reached skill level 1 in Maces & Flails
  1096 | D:2      | Reached skill level 3 in Throwing
  1096 | D:2      | Reached XP level 4. HP: 33/45 MP: 4/4
  1444 | D:2      | Found a faded altar of an unknown god.
  1963 | D:2      | Reached XP level 5. HP: 40/53 MP: 5/5
  2020 | D:3      | Reached skill level 4 in Throwing
  2195 | D:3      | Noticed Robin
  2210 | D:3      | Killed Robin
  2214 | D:3      | Noticed Grinder
  2234 | D:3      | Paralysed by Grinder for 4 turns
  2571 | D:3      | Paralysed by Grinder for 2 turns
  2741 | D:3      | Paralysed by Grinder for 4 turns
  2754 | D:3      | Paralysed by Grinder for 5 turns
  2762 | D:3      | Paralysed by Grinder for 4 turns
  2766 | D:3      | Killed Grinder
  2767 | D:3      | Reached skill level 6 in Throwing
  2767 | D:3      | Reached XP level 6. HP: 14/61 MP: 6/6
  3156 | D:3      | Reached XP level 7. HP: 65/67 MP: 7/7
  3353 | D:3      | Found a runed translucent door.
  3354 | D:3      | Noticed Crazy Yiuf
  3382 | D:3      | Found a shimmering altar of Xom.
  3382 | D:3      | Found an opulent altar of Gozag.
  3442 | D:3      | Slain by Crazy Yiuf

Illustrated notes

Levels and vault maps discovered:
D:1:      shiori_arrival_oz, layout_basic, minmay_misc_feat_cross,
          amcnicky_mini_corridor_feature
D:2:      layout_basic, shapermc_ecumenical_altar_flowoftime
D:3:      cheibrodos_pilgrimage, layout_rooms, amethyst_overflow_temple_binary,
          dreamdust_princess_bridge, minmay_fractal_squares_gapless_5,
          uniq_grinder, uniq_robin, uniq_crazy_yiuf_cottage

Skill      XL: |  1  2  3  4  5 |
---------------+----------------+-----
Fighting       | 3 |  3.0
Dodging        | 3 |  3.0
Maces & Flails | 1 2 |  2.2
Throwing       | 3 6 |  6.8
Axes           | |  3.1

Action                     |  1- 3 |  4- 6 |  7- 9 || total
---------------------------+-------+-------+-------++-------
  Melee: War axe           |   111 |   155 |    36 ||   302
         Punch             |     1 |     1 |       ||     2
  Throw: Large rock        |     1 |     1 |       ||     2
         Stone             |       |    13 |       ||    13
         Dart              |       |     5 |       ||     5
         Throwing net      |       |     1 |       ||     1
    Use: Potion            |     1 |       |       ||     1
         Scroll            |       |     2 |       ||     2
   Stab: Sleeping          |     3 |       |       ||     3
 Armour: Robe              |    48 |    53 |    27 ||   128
  Dodge: Dodged            |    90 |    71 |     5 ||   166

Table legend: (Time is in decaauts)
 A = Elapsed time spent in this place.
 B = Non-inter-level travel time spent in this place.
 C = Inter-level travel time spent in this place.
 D = Time resting spent in this place.
 E = Time spent auto-exploring this place.
 F = Levels seen in this place.
 G = Mean time per level.
                   A        B        C        D        E       F      G
               +--------+--------+--------+--------+--------+-----+--------+
         Total |   3547 |   3516 |     31 |    889 |   1592 |   3 | 1182.3 |
       Dungeon |   3547 |   3516 |     31 |    889 |   1592 |   3 | 1182.3 |
               +--------+--------+--------+--------+--------+-----+--------+

Top non-repeatable levels by time:
     D:2: 1658 daAuts
     D:3: 1080 daAuts
     D:1: 809 daAuts
